 Dungeon Crawl Stone Soup version 0.29-a0-284-gf9362112df (webtiles) character file.

Game seed: 11439089470013711601

2 holysushi the Sneak (level 1, 0/17 (18) HPs)
             Began as a Merfolk Delver on Mar 27, 2022.
             Slain by a wight
             ... wielding a +0 long sword
              (3 damage)
             ... on level 4 of the Dungeon.
             The game lasted 00:01:20 (267 turns).

holysushi the Sneak (Merfolk Delver)                 Turns: 267, Time: 00:01:21

HP:   0/17 (18)     AC:  3    Str: 12    XL:     1   Next: 40%
MP:   1/1           EV: 15    Int:  9    God:
Gold: 0             SH:  0    Dex: 15    Spells: 0/0 levels left

rFire   . . .      SeeInvis .   a - +0 falchion
rCold   . . .      Faith    .   (no shield)
rNeg    . . .      Spirit   .   b - +0 leather armour
rPois   .          Reflect  .   (no helmet)
rElec   .          Harm     .   (no cloak)
rCorr   .          Rampage  .   (no gloves)
Will    .....                   (boots currently unavailable)
Stlth   ++++......              (no amulet)
HPRegen 0.05/turn               (no ring)
MPRegen 0.07/turn               (no ring)

@: drained, very quick
A: nimble swimmer 2, mertail
a: no special abilities


You were on level 4 of the Dungeon.
You visited 1 branch of the dungeon, and saw 2 of its levels.

Inventory:

Hand Weapons
 a - a +0 falchion (weapon)
Armour
 b - a +0 leather armour (worn)
Wands
 g - a wand of digging (3)
Scrolls
 c - a scroll of fog
 d - a scroll of magic mapping
 e - a scroll of fear
 i - a scroll of enchant armour {unknown}
Potions
 f - a potion of haste
 h - a potion of degeneration {unknown}


   Skills:
 - Level 3.2 Fighting
 + Level 2.8 Long Blades
 - Level 2.6 Dodging
 - Level 5.4 Stealth


You couldn't memorise any spells.
You didn't know any spells.
Your spell library was empty.

Dungeon Overview and Level Annotations

Branches:
Dungeon (5/15)
 Temple: D:4-7

Altars:

Annotations:
D:4 Dowan


Innate Abilities, Weirdness & Mutations

You are very nimble when in or above water. (Stealth+, EV+, Speed+++)
Your lower body shifts to a powerful aquatic tail in water.


Message History

The wight hits the plant with a +0 long sword!
The plant begins to die.
A nearby plant withers and dies.
The scorpion stings the plant.
The plant begins to die.
The scorpion stings the plant.
The plant begins to die.
The scorpion stings the plant.
The scorpion stings the plant!
A nearby plant withers and dies. x2
A nearby plant withers and dies.
The jackal stops to sniff the water.
Unknown command.
Unknown command.
Press: ? - help, v - describe, . - travel
Here: a scorpion Some shallow water.
Unknown command.
Dowan and a giant cockroach come into view.
Found 5 gold pieces.
Found an escape hatch in the ceiling.
The jackal bites the plant.
The plant begins to die.
The jackal bites the plant.
The jackal bites the plant.
The jackal splashes around in the water.
The jackal bites you but does no damage.
You hit the jackal but do no damage. The jackal misses you.
The scorpion stings the plant.
The plant is poisoned.
The scorpion poisons the plant!
The jackal bites you.
You hit the jackal.
The jackal is almost dead.
A nearby plant withers and dies.
The jackal splashes around in the water.
You hit the jackal.
You kill the jackal!
The wight hits you with a +0 long sword!
Ouch! That really hurt!
You feel drained.
* * * LOW HITPOINT WARNING * * *
You closely miss the wight. You tail-slap the wight.
The wight is lightly damaged.
The wight hits you with a +0 long sword.
You die...

. ..P≈≈≈≈♣≈P♣≈♣P♣♣≈♣≈.
..♣♣≈♣≈≈≈PP≈≈≈≈♣P♣≈≈P♣♣#
P≈≈≈≈≈≈P≈≈≈≈≈≈≈≈≈P♣≈P≈♣###
.≈♣≈P≈≈≈♣≈s≈≈≈≈≈≈≈≈≈≈≈P≈≈P##
P≈≈P≈≈♣P≈≈≈≈≈≈≈≈≈≈≈≈≈P♣≈≈≈≈#
≈≈♣≈≈P≈≈≈≈≈≈≈≈≈≈≈≈≈P≈≈≈≈≈≈♣
♣≈P≈PP≈≈≈≈≈≈≈≈≈≈≈≈≈≈≈P≈≈♣P♣
♣≈≈≈≈♣≈≈≈≈≈≈≈≈≈≈≈≈≈z≈P≈P≈≈♣
≈≈≈P≈≈≈≈≈≈≈@≈≈≈≈≈≈≈≈≈≈≈≈≈♣♣
#≈♣≈≈≈♣≈P≈z≈≈≈≈≈≈≈≈P♣P≈≈P♣
#.≈♣PP≈≈≈z♣hJz≈≈≈≈≈≈≈P♣≈♣# .
♣♣♣♣≈PP≈h≈≈≈≈≈♣≈♣♣≈♣.#
..♣≈♣♣≈♣♣♣≈≈♣♣≈♣♣≈♣..#
.....[♣P≈♣≈≈≈≈♣.###.##
.........######Jz.h.#
.............hh.#####
...$.....########


You could see a scorpion, 3 wights, an endoplasm and 2 jackals.

Vanquished Creatures
  2 jackals (D:4)
2 creatures vanquished.

Vanquished Creatures (others)
  16 plants (D:4)
16 creatures vanquished.

Grand Total: 18 creatures vanquished

Notes
Turn   | Place    | Note
-------+----------+-------------------------------------------
     0 | D:5      | holysushi the Merfolk Delver began the quest for the Orb.
     0 | D:5      | Reached XP level 1. HP: 18/18 MP: 1/1
    37 | D:4      | Noticed a wight
    38 | D:4      | Noticed a wight
    49 | D:4      | Noticed a wight
    49 | D:4      | Noticed a wight
    51 | D:4      | Noticed a scorpion
   226 | D:4      | Noticed Dowan
   267 | D:4      | Slain by a wight

Illustrated notes

Levels and vault maps discovered:
D:4:      layout_rooms, serial_bayou, serial_bayou_ford_a,
          serial_bayou_lagoon_a, serial_bayou_lake_a, serial_bayou_pond_d,
          serial_bayou_crossing, serial_shops, nicolae_shop_advertising_works
          [nicolae_subvault_shop_adworks], shop, uniq_duvessa
D:5:      layout_cave_pools, tso_altar, minmay_temple_entry_proselytizer,
          serial_shops, nicolae_square_shop, nicolae_wooded_promenade

Action                   || total
-------------------------++-------
Melee: Falchion          ||     8
       Tailslap          ||     1
Armor: Leather armour    ||     6
Dodge: Dodged            ||    11

Table legend: (Time is in decaauts)
 A = Elapsed time spent in this place.
 B = Non-inter-level travel time spent in this place.
 C = Inter-level travel time spent in this place.
 D = Time resting spent in this place.
 E = Time spent auto-exploring this place.
 F = Levels seen in this place.
 G = Mean time per level.
                   A        B        C        D        E       F      G
               +--------+--------+--------+--------+--------+-----+--------+
         Total |    234 |    234 |      0 |     12 |      0 |   2 |  117.0 |
       Dungeon |    234 |    234 |      0 |     12 |      0 |   2 |  117.0 |
               +--------+--------+--------+--------+--------+-----+--------+

Top non-repeatable levels by time:
     D:4: 205 daAuts
     D:5: 29 daAuts
